 Dungeon Crawl Stone Soup version 0.30.1-4-g462c640d31 (webtiles) character file.

Game seed: 7205440022333370082

33 Peloso the Covered (level 3, 0/33 HPs)
             Began as a Minotaur Fighter on Aug 14, 2023.
             Slain by Sigmund
             ... wielding a +7 scythe of flaming
              (1 damage)
             ... on level 2 of the Dungeon.
             The game lasted 00:01:37 (1126 turns).

Peloso the Covered (Minotaur Fighter)               Turns: 1126, Time: 00:01:37

Health: 0/33       AC:  7    Str: 20    XL:     3   Next: 12%
Magic:  2/2        EV:  9    Int:  5    God:
Gold:   42         SH:  4    Dex: 11    Spells: 2/2 levels left

rFire   . . .        a - +0 long sword
rCold   . . .        c - +0 buckler
rNeg    . . .        b - +0 scale mail
rPois   .            (helmet restricted)
rElec   .            (no cloak)
rCorr   .            (no gloves)
SInv    .            (no boots)
Will    .....        (no amulet) Stlth
                     e - ring of flight
HPRegen 0.25/turn    (no ring)
MPRegen 0.08/turn

%: no passive effects
@: mighty, flying
A: horns 2, retaliatory headbutt
a: no special abilities


You were on level 2 of the Dungeon.
You visited 1 branch of the dungeon, and saw 2 of its levels.

You collected 42 gold pieces.

Inventory:

Hand Weapons
 a - a +0 long sword (weapon)
Armour
 b - a +0 scale mail (worn)
 c - a +0 buckler (worn)
Jewellery
 e - a ring of flight (left hand)
Scrolls
 f - a scroll of fog {unknown}


   Skills:
 + Level 3.9 Fighting
 + Level 3.0 Long Blades
 + Level 4.1 Armour
 + Level 0.5 Dodging
 + Level 4.0 Shields


You had 2 spell levels left.
You didn't know any spells.
Your spell library contained the following spells:

 Spells                   Type           Power      Damage    Failure   Level
 Summon Guardian Golem    Hex/Summ       0%         N/A       99%         3
 Orb of Destruction       Conj           0%         9d5       100%        7
 Spellforged Servitor     Conj/Summ      0%         N/A       100%        7


Dungeon Overview and Level Annotations

Branches:
Dungeon (2/15)

Altars:

Annotations:
D:2 Sigmund


Innate Abilities, Weirdness & Mutations

You have a pair of horns on your head.
You reflexively headbutt those who attack you in melee.


Message History

e - a ring of flight (left hand)
Okay, then.
A goblin comes into view. It is wielding a +0 club.
A goblin is nearby!
A goblin is nearby!
A goblin is nearby!
The goblin shouts!
You barely miss the goblin. The goblin hits you but does no damage.
You barely miss the goblin. Your headbutt misses the goblin.
The goblin hits you but does no damage.
You hit the goblin.
You kill the goblin!
Your Shields skill increases to level 4!
Found a stone staircase leading down.
You see here a +0 club.
Found a stone staircase leading up.
Found a short sword.
Sigmund the Dreaded comes into view.
He is wielding a +7 scythe of flaming.
Sigmund shouts!
Sigmund gestures at you while chanting.
The magic dart hits you but does no damage.
Sigmund is nearby!
Sigmund is nearby!
Sigmund gestures at you while chanting. You resist with significant effort.
Sigmund casts a spell at you. The puff of flame hits you!
You feel very mighty all of a sudden.
Sigmund casts a spell.
Sigmund flickers and vanishes!
Deactivating autopickup; reactivate with Ctrl-A.
Something hits you. Something burns you.
You hit something. Something hits you.
* * * LOW HITPOINT WARNING * * *
Something burns you.
* * * LOW HITPOINT WARNING * * *
You slash something! Your headbutt misses something. Something hits you.
* * * LOW HITPOINT WARNING * * *
Something burns you.
You die...

#..#..........#
#..###........#
#..####......##
...........#.#
....######....#
#.... #.#### #.#
#.# #@# #{#
####.# .♣#♣
#....#
#...#######.####
............#
.........@..#
............#
............#


There were no monsters in sight!

Vanquished Creatures
  2 endoplasms (D:1)
  3 giant cockroaches
  3 goblins
  6 hobgoblins
  A quokka (D:1)
  4 ball pythons (D:1)
  3 bats (D:1)
  6 kobolds (D:1)
  A rat (D:1)
29 creatures vanquished.

Notes
Turn   | Place    | Note
-------+----------+-------------------------------------------
     0 | D:1      | Peloso the Minotaur Fighter began the quest for the Orb.
     0 | D:1      | Reached XP level 1. HP: 19/19 MP: 0/0
   191 | D:1      | Reached XP level 2. HP: 27/27 MP: 1/1
   661 | D:1      | Reached XP level 3. HP: 30/33 MP: 2/2
  1104 | D:2      | Noticed Sigmund
  1126 | D:2      | HP: 1/33 [something (6)]
  1126 | D:2      | Slain by Sigmund

Illustrated notes

Levels and vault maps discovered:
D:1:      co_arrival_random_square_maze, layout_basic,
          minmay_misc_feat_enclosed, st_stairs_10
D:2:      layout_rooms, serial_forest, infiniplex_forest_corner_2,
          infiniplex_forest_end_double, infiniplex_forest_clump_small,
          infiniplex_forest_lined_room_, infiniplex_forest_diagonal,
          infiniplex_forest_straight_2, uniq_sigmund

Skill      XL: |  1  2  3 |
---------------+----------+-----
Armour         | 4 |  4.1
Long Blades    | 3 |  3.0
Shields        | 4 |  4.0
Fighting       | |  3.9
Dodging        | |  0.5

Action                     || total
---------------------------++-------
  Melee: Long sword        ||    78
         Headbutt          ||     8
    Use: Potion            ||     2
 Armour: Scale mail        ||    51
  Dodge: Dodged            ||    26
  Block: Buckler           ||    15
